AoeStats
← Simon

Arabia

505626219Analyzed
3v3 RM · 20d ago on Sep 10, 2026· 53m 3s· 6 players
Game mode
Random Map
Map size
Normal (6 player)
Population
200
Speed
Normal
Resources
Standard
Victory
Conquest
Starting age
Dark Age
Ending age
Imperial Age
RankedLock teamsTeams togetherTeam positionsShared explorationLock speedFull tech treeHidden civsTurbo modeCheats
Victory
Defeat
🇷🇺 Burmese · Russia
864
+14
🇭🇺 Vikings · Hungary
828
+16
🇹🇷 Aztecs · Türkiye
780
+17
🇨🇳 Japanese · China
888
-19
🇮🇳 Ethiopians · India
877
-18
🇨🇳 Huns · China
686
-10
_bonobo_9
3:20 Loom
10:48 Feudal Age
11:30 Double-Bit Axe
11:27 Horse Collar
20:41 Castle Age
23:42 Town Watch
27:47 Bow Saw
28:27 Elite Skirmisher
31:43 Forging
31:39 Scale Barding Armor
35:24 Imperial Age
33:23 Padded Archer Armor
33:15 Fletching
36:27 Heavy Plow
39:30 Two-Man Saw
38:41 Gold Mining
39:23 Crop Rotation
38:58 Town Patrol
38:52 Stone Mining
39:05 Scale Mail Armor
39:01 Bodkin Arrow
39:22 Leather Archer Armor
39:43 Iron Casting
39:18 Chieftains
39:40 Conscription
39:24 Pikeman
40:07 Squires
40:21 Onager
40:28 Cavalier
42:53 Gold Shaft Mining
42:42 Masonry
42:12 Treadmill Crane
42:53 Ballistics
43:35 Chemistry
42:45 Fortified Wall
42:41 Siege Engineers
43:05 Elite Berserk
44:50 Chain Barding Armor
44:45 Chain Mail Armor
Etheling
10:19 Loom
12:11 Feudal Age
13:07 Gold Mining
13:02 Horse Collar
18:48 Fletching
21:28 Wheelbarrow
24:56 Castle Age
23:25 Padded Archer Armor
23:48 Bloodlines
23:42 Stone Mining
24:19 Scale Mail Armor
26:07 Husbandry
26:25 Heavy Plow
27:37 Scale Barding Armor
33:32 Gold Shaft Mining
34:06 Coinage
35:22 Hand Cart
35:59 Masonry
36:01 Fortified Wall
36:13 Ballistics
37:26 Caravan
41:13 Imperial Age
40:03 Forging
40:14 Chain Barding Armor
40:37 Murder Holes
40:23 Treadmill Crane
40:56 Manipur Cavalry
42:17 Conscription
41:40 Cavalier
43:10 Plate Barding Armor
43:18 Howdah
44:12 Crop Rotation
44:50 Iron Casting
45:28 Banking
46:02 Arson
46:45 Elite Arambai
47:52 Bodkin Arrow
48:58 Blast Furnace
48:14 Chain Mail Armor
48:24 Fervor
48:30 Block Printing
48:51 Theocracy
48:11 Herbal Medicine
48:17 Devotion
48:43 Illumination
48:19 Atonement
48:43 Guilds
49:45 Squires
49:31 Gambesons
49:10 Capped Ram
51:07 Architecture
50:43 Siege Engineers
51:41 Chemistry
50:52 Elite Battle Elephant
53:18 Guard Tower
53:39 Careening
53:40 Clinker Construction
serkanserpinli
11:35 Loom
13:24 Feudal Age
11:44 Loom
15:10 Wheelbarrow
18:19 Horse Collar
18:28 Double-Bit Axe
18:37 Stone Mining
18:41 Gold Mining
22:44 Castle Age
22:22 Forging
22:13 Scale Mail Armor
23:07 Padded Archer Armor
22:57 Fletching
24:06 Gold Shaft Mining
24:48 Bow Saw
24:44 Heavy Plow
25:25 Iron Casting
25:05 Chain Mail Armor
25:06 Leather Archer Armor
25:52 Stone Shaft Mining
27:08 Bodkin Arrow
29:03 Atlatl
29:27 Hand Cart
30:01 Eagle Warrior
30:42 Squires
30:28 Arson
30:30 Gambesons
33:34 Pikeman
39:09 Imperial Age
41:29 Garland Wars
41:05 Elite Eagle Warrior
45:44 Blast Furnace
45:15 Plate Mail Armor
49:03 Bracer
53:28 Chemistry
52:49 Ballistics
52:11 Treadmill Crane
Black Wolf
13:18 Feudal Age
13:03 Loom
13:46 Double-Bit Axe
18:06 Wheelbarrow
21:44 Castle Age
21:58 Gold Mining
23:16 Hand Cart
23:25 Horse Collar
24:01 Bow Saw
24:33 Elite Skirmisher
26:42 Gold Shaft Mining
伐木人
10:54 Feudal Age
11:37 Loom
13:39 Double-Bit Axe
19:20 Wheelbarrow
23:23 Castle Age
21:56 Horse Collar
25:02 Squires
25:39 Hand Cart
27:12 Bow Saw
34:50 Imperial Age
34:56 Imperial Age
33:32 Treadmill Crane
33:51 Gold Mining
33:51 Stone Mining
35:04 Fortified Wall
35:20 Husbandry
36:09 Gold Shaft Mining
35:57 Heavy Plow
36:25 Conscription
36:54 Forging
36:45 Scale Mail Armor
36:51 Cavalier
39:28 Two-Man Saw
39:17 Kataparuto
40:18 Scale Barding Armor
40:15 Stone Mining
42:31 Chain Mail Armor
43:22 Light Cavalry
44:13 Bloodlines
44:25 Chain Barding Armor
44:41 Iron Casting
44:53 Plate Mail Armor
44:20 Pikeman
44:56 Capped Ram
46:55 Elite Skirmisher
Simon
14:36 Feudal Age
15:58 Wheelbarrow
16:03 Double-Bit Axe
19:05 Horse Collar
22:35 Gold Mining
26:10 Castle Age
27:46 Hand Cart
26:58 Crossbowman
27:45 Thumb Ring
34:02 Bow Saw
34:36 Gold Shaft Mining
33:52 Stone Mining
34:01 Stone Mining
34:02 Fletching
39:45 Marauders
43:26 Elite Skirmisher
47:01 Imperial Age
47:10 Imperial Age
Connection lost

Rejoining the realm…

Still unreachable

The connection could not be restored.

Session expired

The server has moved on; the page needs a fresh start.